[Event "Fagernes Chess GM-Swiss 2024"]
[Site "Fagernes"]
[Date "2024.03.29"]
[Round "7.25"]
[White "Elmi, Saad Abobaker"]
[Black "Brattgjerd, Isak Vinh"]
[Result "1-0"]
[ECO "B11"]
[WhiteElo "2344"]
[BlackElo "2228"]
[Annotator "RC"]
[PlyCount "99"]
[EventDate "2024.03.25"]
[EventType "swiss"]
[EventCountry "NOR"]
[SourceTitle "playchess.com"]
[Source "ChessBase"]
[SourceQuality "1"]
[TimeControl "40/6000+30:2400+30"]

1. e4 c6 2. Nc3 d5 3. Nf3 dxe4 4. Nxe4 Nf6 5. Qe2 Nxe4 6. Qxe4 Nd7 7. d4 Nf6 8. Qf4 Nd5 9. Qd2 g6 10. h3 Bg7 11. Bd3 O-O 12. O-O a5 13. c4 Nb6 14. Qe2 Qc7 15. Bg5 Re8 16. Rac1 c5 17. Rfd1 Nd7 18. Bc2 h6 19. Bh4 Qb6 20. Ba4 cxd4 21. c5 Qc7 22. Bg3 e5 23. Nxd4 Qd8 24. Nb5 Bf8 25. Nd6 Bxd6 26. cxd6 Ra6 27. Qc2 Qf6 28. Qc7 Rd8 29. Bb5 Ra8 30. Rc3 e4 31. Re1 Nf8 32. Qe7 Qg5 33. h4 Qxb5 34. Qxd8 Qd7 35. Qf6 Nh7 36. Qe5 Qe6 37. Rxe4 Nf6 38. Qxe6 Bxe6 39. Rd4 b5 40. a4 b4 41. Rc7 Nd7 42. h5 gxh5 43. Bh4 Kg7 44. Re4 Bf5 45. Re7 Rd8 46. Re5 Nxe5 47. Bxd8 Be6 48. Rb7 Nc6 49. Bb6 Kf6 50. d7 1-0

[Event "Fagernes Chess GM-Swiss 2024"]
[Site "Fagernes"]
[Date "2024.03.29"]
[Round "7.26"]
[White "Haug, Havard"]
[Black "Avetisyan, Ani"]
[Result "1-0"]
[ECO "B15"]
[WhiteElo "2341"]
[BlackElo "1840"]
[Annotator "RC"]
[PlyCount "73"]
[EventDate "2024.03.25"]
[EventType "swiss"]
[EventCountry "NOR"]
[SourceTitle "playchess.com"]
[Source "ChessBase"]
[SourceQuality "1"]
[TimeControl "40/6000+30:2400+30"]

1. e4 c6 2. d4 d5 3. Nd2 dxe4 4. Nxe4 Nf6 5. Nxf6+ exf6 6. c3 Bd6 7. Bd3 O-O 8. Qc2 Re8+ 9. Ne2 h5 10. Be3 Nd7 11. c4 Nf8 12. O-O-O Be6 13. a3 Qd7 14. Nc3 Rac8 15. h3 b5 16. c5 Bb8 17. g4 h4 18. g5 f5 19. d5 cxd5 20. Bxb5 Qb7 21. Bxe8 Rxe8 22. Ne2 Ng6 23. Nd4 f4 24. Bd2 Be5 25. Bc3 Qc7 26. Nxe6 Rxe6 27. Rxd5 Bxc3 28. Qxc3 Ne7 29. Rd2 Re5 30. Rd8+ Kh7 31. Rd7 Qxc5 32. Qxc5 Rxc5+ 33. Kd2 Ng6 34. Rxa7 Rxg5 35. Rxf7 Rg2 36. Ke2 Kg8 37. Rf5 1-0

[Event "Fagernes Chess GM-Swiss 2024"]
[Site "Fagernes"]
[Date "2024.03.29"]
[Round "7.27"]
[White "Al-Tarboush, Ward"]
[Black "Vestby-Ellingsen, Mads"]
[Result "0-1"]
[ECO "B90"]
[WhiteElo "2277"]
[BlackElo "2336"]
[Annotator "RC"]
[PlyCount "222"]
[EventDate "2024.03.25"]
[EventType "swiss"]
[EventCountry "NOR"]
[SourceTitle "playchess.com"]
[Source "ChessBase"]
[SourceQuality "1"]
[TimeControl "40/6000+30:2400+30"]

1. e4 c5 2. Nf3 d6 3. d4 cxd4 4. Nxd4 Nf6 5. Nc3 a6 6. h3 e5 7. Nde2 h5 8. Bg5 Be6 9. g3 Be7 10. Bg2 b5 11. a3 Nbd7 12. O-O O-O 13. f4 Nb6 14. b3 Bc8 15. Qd3 Bb7 16. Rad1 Rc8 17. f5 Nbd7 18. Qd2 a5 19. h4 Qc7 20. Rc1 d5 21. Nxd5 Bxd5 22. exd5 Bxa3 23. Ra1 Bc5+ 24. Kh1 Bb4 25. c3 Bxc3 26. d6 Bxd2 27. dxc7 Bb4 28. Rfc1 Nc5 29. Nc3 Rxc7 30. Bxf6 gxf6 31. Nd5 Rcc8 32. Ne7+ Kg7 33. Nxc8 Rxc8 34. Bf1 Rd8 35. Rd1 Rb8 36. Rac1 Nxb3 37. Rc7 Nd4 38. Bg2 Rd8 39. Be4 a4 40. Rb7 a3 41. Bb1 Bc3 42. Ba2 Rf8 43. g4 hxg4 44. Rg1 Nxf5 45. Rxg4+ Kh6 46. Rxb5 Rd8 47. Rg1 Bd4 48. Rg2 Nxh4 49. Rg4 Bf2 50. Bxf7 f5 51. Ra4 Rd3 52. Kh2 Bd4 53. Rb3 Rxb3 54. Bxb3 Kg5 55. Rxa3 e4 56. Bd1 Kf4 57. Ra4 Be3 58. Kh3 Nf3 59. Kg2 Ne1+ 60. Kf1 Nd3 61. Ra5 Ne5 62. Bb3 Bd2 63. Rd5 Bc3 64. Ke2 Nf3 65. Bc4 Nd4+ 66. Kf1 Ke3 67. Ba6 f4 68. Bb7 Nf3 69. Rc5 Nd2+ 70. Ke1 Bb4 71. Rb5 f3 72. Rf5 Be7 73. Ba6 Bh4+ 74. Kd1 Nb3 75. Rf8 Nc5 76. Bb5 Kf2 77. Bc6 Ke3 78. Bb5 Bg3 79. Bf1 Kf2 80. Bb5 Be5 81. Rf5 Bd4 82. Rf8 Ke3 83. Bf1 Ne6 84. Rf5 Nf4 85. Rf7 Be5 86. Rf5 Kd4 87. Ba6 Nd5 88. Rf7 Nc3+ 89. Kc2 Ke3 90. Rf8 Ne2 91. Kd1 Nf4 92. Rf5 Bd6 93. Rf6 Bc7 94. Rf7 Bd8 95. Rf8 Bh4 96. Rh8 Bg3 97. Rg8 Kf2 98. Re8 e3 99. Re4 Nd5 100. Re6 Nc7 101. Rxe3 Kxe3 102. Bb7 f2 103. Bg2 Bd6 104. Bf1 Nd5 105. Bg2 Nc3+ 106. Kc2 Be5 107. Bf1 Bf6 108. Bg2 Ke2 109. Bh3 Be5 110. Bg2 Ke1 111. Bh3 Nd5 0-1

[Event "Fagernes Chess GM-Swiss 2024"]
[Site "Fagernes"]
[Date "2024.03.29"]
[Round "7.28"]
[White "Hedman, Erik"]
[Black "Skotheim, Andreas"]
[Result "1/2-1/2"]
[ECO "C50"]
[WhiteElo "2311"]
[BlackElo "2214"]
[Annotator "RC"]
[PlyCount "93"]
[EventDate "2024.03.25"]
[EventType "swiss"]
[EventCountry "NOR"]
[SourceTitle "playchess.com"]
[Source "ChessBase"]
[SourceQuality "1"]
[TimeControl "40/6000+30:2400+30"]

1. e4 e5 2. Nf3 Nc6 3. Bc4 Bc5 4. d3 Nf6 5. Bg5 h6 6. Bh4 Be7 7. a4 a5 8. h3 d6 9. Bxf6 Bxf6 10. Nc3 Nb4 11. Bb3 c6 12. Qe2 O-O 13. O-O Re8 14. Rad1 d5 15. Rfe1 Be6 16. Nb1 Qb6 17. Nbd2 Rad8 18. Rb1 g6 19. exd5 cxd5 20. Qe3 Qxe3 21. Rxe3 Nc6 22. Ree1 Bg7 23. c3 f5 24. Ba2 Kf7 25. Red1 g5 26. Ne1 Bf8 27. Nc2 Bc5 28. d4 Bd6 29. dxe5 Bxe5 30. Nf3 Kf6 31. Nxe5 Nxe5 32. Nd4 Bd7 33. Bxd5 Bxa4 34. b3 Bc6 35. Bxc6 Nxc6 36. Nxc6 bxc6 37. Rxd8 Rxd8 38. Ra1 Rd3 39. c4 Rxb3 40. Rxa5 Rb1+ 41. Kh2 Rb2 42. Ra6 Rxf2 43. Rxc6+ Kg7 44. Rc7+ Kg6 45. Rc6+ Kg7 46. Rc7+ Kg6 47. Rc6+ 1/2-1/2

[Event "Fagernes Chess GM-Swiss 2024"]
[Site "Fagernes"]
[Date "2024.03.29"]
[Round "7.29"]
[White "Vagman, Roy"]
[Black "Fiskaaen, Martin Holten"]
[Result "1/2-1/2"]
[ECO "B91"]
[WhiteElo "2311"]
[BlackElo "2118"]
[Annotator "RC"]
[PlyCount "154"]
[EventDate "2024.03.25"]
[EventType "swiss"]
[EventCountry "NOR"]
[SourceTitle "playchess.com"]
[Source "ChessBase"]
[SourceQuality "1"]
[TimeControl "40/6000+30:2400+30"]

1. e4 c5 2. Nf3 d6 3. d4 cxd4 4. Nxd4 Nf6 5. Nc3 a6 6. g3 e5 7. Nb3 Be7 8. Bg2 O-O 9. O-O Nbd7 10. a4 b6 11. Be3 Bb7 12. Qe2 Qc7 13. Rad1 Rac8 14. Nd2 h6 15. f4 Rfe8 16. f5 Nc5 17. h4 Red8 18. g4 d5 19. exd5 Nxd5 20. Bxd5 Bxd5 21. b4 Nb7 22. Nxd5 Rxd5 23. c4 Rd7 24. g5 hxg5 25. hxg5 Bxb4 26. Ne4 Rxd1 27. Rxd1 Qc6 28. Qg4 Nd6 29. Nf6+ Kf8 30. Nh7+ Kg8 31. g6 Bc5 32. Re1 Bxe3+ 33. Rxe3 Qxc4 34. gxf7+ Nxf7 35. Nf6+ Kf8 36. Nd7+ Ke7 37. Qxc4 Rxc4 38. Nxb6 Rg4+ 39. Kf2 Rf4+ 40. Ke2 Rxf5 41. Rc3 Rg5 42. Rc7+ Ke6 43. Rc6+ Kf5 44. Nd5 e4 45. Ne3+ Kf4 46. Rxa6 Rh5 47. Rg6 Ng5 48. Ng2+ Kf5 49. Rxg7 Rh1 50. Rb7 Ra1 51. Ne3+ Kf4 52. Nd5+ Ke5 53. Nc3 Kd4 54. Kd2 Ne6 55. Rb4+ Kc5 56. Rxe4 Nc7 57. Kc2 Rh1 58. Kb3 Rh5 59. a5 Kc6 60. Ka4 Rc5 61. Ne2 Rh5 62. Rb4 Rh1 63. Nd4+ Kd7 64. Nb3 Rh2 65. Ka3 Rh6 66. Nc5+ Kc8 67. Rg4 Na6 68. Nb3 Kb7 69. Rg5 Rh4 70. Rb5+ Ka7 71. Rb6 Rh5 72. Rg6 Kb7 73. Rg7+ Kb8 74. Kb2 Rh4 75. Kc3 Rf4 76. Nd4 Nc7 77. Kd3 Rxd4+ 1/2-1/2

[Event "Fagernes Chess GM-Swiss 2024"]
[Site "Fagernes"]
[Date "2024.03.29"]
[Round "7.30"]
[White "Kaewpitakkun, Pantham"]
[Black "Brynell, Stellan"]
[Result "0-1"]
[ECO "C11"]
[WhiteElo "1989"]
[BlackElo "2406"]
[Annotator "TA"]
[PlyCount "100"]
[EventDate "2024.03.25"]
[EventType "swiss"]
[EventCountry "NOR"]
[SourceTitle "playchess.com"]
[Source "ChessBase"]
[SourceQuality "1"]
[TimeControl "40/6000+30:2400+30"]

1. e4 e6 2. d4 d5 3. Nc3 Nf6 4. e5 Nfd7 5. f4 c5 6. Nf3 Nc6 7. Be3 cxd4 8. Nxd4 Bc5 9. Qd2 O-O 10. Be2 a6 11. O-O Qc7 12. Kh1 Nxd4 {[%emt 0:03:08] The position is equal.} 13. Bxd4 b5 14. Bxc5 Qxc5 15. Bf3 Nb6 {[%emt 0:07:46] [#]} 16. f5 exf5 $15 17. Nxd5 Nxd5 18. Qxd5 Qxd5 19. Bxd5 Ra7 20. Rad1 Re7 21. Rfe1 f4 22. h3 g5 23. c4 bxc4 24. Bxc4 Kg7 25. b4 Rfe8 26. Rd6 (26. a4 $11 {remains equal.}) 26... Rxe5 $17 27. Rxe5 Rxe5 28. Bxa6 {[%emt 0:04:15][%mdl 4096] Endgame. KRB-KRB} Re1+ 29. Kh2 Bxa6 30. Rxa6 {[%emt 0:00:09] KR-KR} Rb1 31. Ra5 Kg6 (31... Rxb4 32. Rxg5+ Kf6 33. Ra5 $11) 32. b5 (32. Ra4 $17 {was necessary.}) 32... Rb2 $2 (32... f5 $19 {aiming for ...g4.} 33. Ra6+ Kh5) 33. Kg1 Kh5 {[%emt 0:02:39] Black has more active pieces.} 34. a4 Kh4 35. Kf1 $2 (35. b6 $17 Rxb6 36. Rb5) 35... f6 36. Ra6 $2 (36. b6 Rxb6 37. Rb5) 36... Kg3 $19 {[%emt 0:03:00] Strongly threatening ...Rb1+.} 37. Rxf6 Rb1+ $2 (37... Rxg2 38. Rf5 Rf2+ (38... Kxh3 $2 39. b6 $18) 39. Ke1 $11) (37... Rf2+ $1 $19 38. Ke1 Kxg2 (38... Rxg2 39. b6 $11)) 38. Ke2 $17 {[%emt 0:00:07] b6 is the strong threat.} Kxg2 39. Rf5 $2 {[%emt 0:03:55][%mdl 8192] [#]} (39. h4 $2 f3+ 40. Rxf3 Rb2+ (40... gxh4 41. Rf5 $11) 41. Ke3 Rb3+ (41... gxh4 42. Rf7 $11) 42. Ke4 Rxf3 $19) (39. b6 $17 f3+ (39... Kxh3 40. a5 $18) 40. Ke3) 39... f3+ $1 $19 (39... Kxh3 40. Rxg5 h5 41. Kf2 $14 (41. Rxh5+ Kg4 $11)) 40. Ke3 Rb3+ (40... Kxh3 41. Rxg5 Kh4 42. Rg7 $11) 41. Kd4 f2 {[%emt 0:42:03] ( -> ...Rf3)} 42. Rxf2+ Kxf2 {[%emt 0:00:00] Black mates.} 43. Kc4 Rxh3 {[%emt 0:00:00] KR-KPP} 44. b6 {[%emt 0:00:00] [#]} Rh1 $1 45. a5 Rb1 46. Kc5 g4 47. a6 g3 48. a7 g2 (48... Rc1+ 49. Kd6 g2 50. a8=Q $19) 49. b7 g1=Q (49... g1=R $2 {loses.} 50. b8=Q $18 (50. b8=R Rbc1+ 51. Kb4 Rg4+ 52. Kb5 Ra1 $15) (50. b8=R Ra1 $11)) 50. b8=Q Qg5+ {[%emt 0:00:00] Weighted Error Value: White=0.73/Black=0.25 (precise) .  Loses game:     	White=2     	---        Missed win:     	---       	Black=1      Mistake:       	White=4     	---        Inaccurate:     	White=2     	Black=3      OK:         	White=6     	Black=10     Best:        	White=3     	Black=4      Strong:       	---       	Black=1} 0-1

[Event "Fagernes Chess GM-Swiss 2024"]
[Site "Fagernes"]
[Date "2024.03.29"]
[Round "7.31"]
[White "Yaniv, Yuval"]
[Black "Mihajlov, Svetoslav"]
[Result "1/2-1/2"]
[ECO "C13"]
[WhiteElo "2368"]
[BlackElo "2094"]
[Annotator "RC"]
[PlyCount "51"]
[EventDate "2024.03.25"]
[EventType "swiss"]
[EventCountry "NOR"]
[SourceTitle "playchess.com"]
[Source "ChessBase"]
[SourceQuality "1"]
[TimeControl "40/6000+30:2400+30"]

1. e4 e6 2. d4 d5 3. Nc3 Nf6 4. Bg5 dxe4 5. Nxe4 Be7 6. Bxf6 Bxf6 7. Nf3 Nd7 8. Qd2 O-O 9. O-O-O b6 10. Bd3 Bb7 11. Qe3 Qe7 12. h4 c5 13. Neg5 h6 14. Bh7+ Kh8 15. Be4 Bxd4 16. Qa3 Bxe4 17. Nxe4 Be5 18. Qd3 Bf4+ 19. Kb1 Rad8 20. Neg5 Bxg5 21. hxg5 Ne5 22. Qc3 Rxd1+ 23. Rxd1 Nxf3 24. gxh6 Qf6 25. hxg7+ Kxg7 26. gxf3 1/2-1/2

[Event "Fagernes Chess GM-Swiss 2024"]
[Site "Fagernes"]
[Date "2024.03.29"]
[Round "7.32"]
[White "Nordahl, Helge"]
[Black "Sian, Shadi"]
[Result "1/2-1/2"]
[ECO "D63"]
[WhiteElo "2330"]
[BlackElo "2076"]
[Annotator "RC"]
[PlyCount "53"]
[EventDate "2024.03.25"]
[EventType "swiss"]
[EventCountry "NOR"]
[SourceTitle "playchess.com"]
[Source "ChessBase"]
[SourceQuality "1"]
[TimeControl "40/6000+30:2400+30"]

1. d4 Nf6 2. c4 e6 3. Nc3 d5 4. Bg5 Be7 5. e3 O-O 6. Nf3 Nbd7 7. Rc1 dxc4 8. Bxc4 a6 9. a4 h6 10. Bh4 c5 11. O-O cxd4 12. Nxd4 Qb6 13. Qc2 Ne5 14. Ba2 Ng6 15. Bg3 Bd7 16. Qb3 Qxb3 17. Bxb3 Rac8 18. Rfd1 Rfd8 19. h3 Bb4 20. Nce2 Rxc1 21. Rxc1 Rc8 22. Rd1 Bc5 23. Nc3 Bb4 24. Nce2 Bc5 25. Nc3 Bb4 26. Nce2 Bc5 27. Nc3 1/2-1/2

[Event "Fagernes Chess GM-Swiss 2024"]
[Site "Fagernes"]
[Date "2024.03.29"]
[Round "7.33"]
[White "Southcott-Moyers, Indy"]
[Black "Gandrud, Vegar Koi"]
[Result "1/2-1/2"]
[ECO "A35"]
[WhiteElo "2120"]
[BlackElo "2293"]
[Annotator "RC"]
[PlyCount "146"]
[EventDate "2024.03.25"]
[EventType "swiss"]
[EventCountry "NOR"]
[SourceTitle "playchess.com"]
[Source "ChessBase"]
[SourceQuality "1"]
[TimeControl "40/6000+30:2400+30"]

1. Nf3 c5 2. c4 Nc6 3. Nc3 g6 4. e3 Nf6 5. d4 cxd4 6. exd4 d5 7. cxd5 Nxd5 8. Qb3 e6 9. Bb5 Bg7 10. O-O O-O 11. Bxc6 bxc6 12. Re1 Qb6 13. Qc2 Nb4 14. Qd1 Qa6 15. Ne4 Nd3 16. Re3 Nxc1 17. Nc5 Qc4 18. Rxc1 Qxa2 19. Rb3 Qa5 20. Ne5 Qc7 21. Ncd3 Bb7 22. Nc5 Bc8 23. Ncd3 Qd6 24. Qf3 Qxd4 25. Nxc6 Qf6 26. Ne7+ Qxe7 27. Qxa8 Ba6 28. Qf3 Bd4 29. Nb4 Bb7 30. Qg3 Qf6 31. Nc6 Bxc6 32. Rxc6 Bxb2 33. Qf3 Qxf3 34. Rxf3 Rd8 35. Kf1 Rd7 36. Ke2 Rb7 37. Rd3 Kf8 38. f4 e5 39. fxe5 Bxe5 40. h3 h5 41. Kf3 Kg7 42. Ke4 Re7 43. Kf3 Bc7 44. h4 Ba5 45. g3 Bb4 46. Rd5 Rb7 47. g4 hxg4+ 48. Kxg4 Be7 49. h5 gxh5+ 50. Rxh5 Rb4+ 51. Kf3 Bd8 52. Rf5 Rd4 53. Rf4 Rd1 54. Ke2 Rd5 55. Ra6 Bb6 56. Rfa4 Rd7 57. Rb4 Re7+ 58. Kf1 Re6 59. Rba4 Kg6 60. Rxa7 Bxa7 61. Rxa7 f5 62. Kf2 Rb6 63. Ra3 Rb2+ 64. Kf1 Kg5 65. Rc3 Kg4 66. Rc4+ f4 67. Rc3 Kf5 68. Ra3 Ke4 69. Ra4+ Kf3 70. Ra3+ Kg4 71. Rc3 f3 72. Rc8 Kg3 73. Rg8+ Kf4 1/2-1/2

[Event "Fagernes Chess GM-Swiss 2024"]
[Site "Fagernes"]
[Date "2024.03.29"]
[Round "7.34"]
[White "Moreby, James"]
[Black "Shivika Rohilla"]
[Result "1-0"]
[ECO "A14"]
[WhiteElo "2260"]
[BlackElo "2003"]
[Annotator "RC"]
[PlyCount "75"]
[EventDate "2024.03.25"]
[EventType "swiss"]
[EventCountry "NOR"]
[SourceTitle "playchess.com"]
[Source "ChessBase"]
[SourceQuality "1"]
[TimeControl "40/6000+30:2400+30"]

1. Nf3 Nf6 2. g3 e6 3. Bg2 d5 4. O-O Be7 5. c4 O-O 6. b3 d4 7. Bb2 c5 8. b4 Qb6 9. Qb3 Rd8 10. bxc5 Bxc5 11. d3 Nc6 12. Nbd2 e5 13. Rfb1 Qc7 14. Ba3 Bxa3 15. Qxa3 Bf5 16. Rb2 Re8 17. Ng5 Rad8 18. Rab1 Bc8 19. c5 Nd5 20. Nge4 Re7 21. Nc4 f5 22. Ng5 h6 23. Nd6 Nf6 24. Rxb7 Bxb7 25. Rxb7 Qxb7 26. Nxb7 Rxb7 27. Bxc6 Rb1+ 28. Kg2 hxg5 29. Qxa7 Rc1 30. Qc7 Rf8 31. Qxe5 Ng4 32. Qe7 Rf6 33. h3 Nh6 34. Bd5+ Kh7 35. c6 g4 36. h4 Ng8 37. Qd8 Nh6 38. c7 1-0

[Event "Fagernes Chess GM-Swiss 2024"]
[Site "Fagernes"]
[Date "2024.03.29"]
[Round "7.35"]
[White "Aniruddh Chatterjee"]
[Black "Anishka Vikram"]
[Result "1-0"]
[ECO "D02"]
[WhiteElo "2182"]
[BlackElo "1995"]
[Annotator "RC"]
[PlyCount "77"]
[EventDate "2024.03.25"]
[EventType "swiss"]
[EventCountry "NOR"]
[SourceTitle "playchess.com"]
[Source "ChessBase"]
[SourceQuality "1"]
[TimeControl "40/6000+30:2400+30"]

1. d4 d5 2. Bf4 Nf6 3. e3 c5 4. Nf3 Nc6 5. Nbd2 e6 6. c3 Bd6 7. Bg3 O-O 8. Bd3 b6 9. Qe2 Bb7 10. Rd1 Re8 11. e4 Be7 12. e5 Nh5 13. Ng5 Bxg5 14. Qxh5 g6 15. Qe2 cxd4 16. h4 Bh6 17. h5 dxc3 18. bxc3 Bg7 19. Nf3 Rc8 20. Qe3 Qe7 21. Qf4 d4 22. Bh4 Qc7 23. Bf6 Bxf6 24. Qxf6 Qe7 25. hxg6 Qxf6 26. exf6 hxg6 27. Ng5 Red8 28. Rh7 Rd5 29. Rg7+ Kf8 30. Rxf7+ Ke8 31. Rxb7 Rxg5 32. cxd4 Rxg2 33. Be4 Rg4 34. f3 Rg2 35. Kf1 Rh2 36. Kg1 Rxa2 37. Bxg6+ Kf8 38. Rh7 Kg8 39. f7+ 1-0

[Event "Fagernes Chess GM-Swiss 2024"]
[Site "Fagernes"]
[Date "2024.03.29"]
[Round "7.36"]
[White "Akshit Kumar J"]
[Black "Stark, John"]
[Result "1-0"]
[ECO "C03"]
[WhiteElo "2172"]
[BlackElo "1947"]
[Annotator "RC"]
[PlyCount "85"]
[EventDate "2024.03.25"]
[EventType "swiss"]
[EventCountry "NOR"]
[SourceTitle "playchess.com"]
[Source "ChessBase"]
[SourceQuality "1"]
[TimeControl "40/6000+30:2400+30"]

1. e4 e6 2. d4 d5 3. Nd2 h6 4. Ngf3 Nf6 5. Bd3 c5 6. e5 Nfd7 7. c3 Nc6 8. Qe2 g5 9. O-O h5 10. dxc5 g4 11. Nd4 Ncxe5 12. Bb5 Qc7 13. f4 gxf3 14. N2xf3 Bg7 15. Bf4 Nxf3+ 16. Qxf3 Qxc5 17. Be3 Qe7 18. Rae1 O-O 19. Qxh5 Ne5 20. Bh6 f5 21. Re3 Ng4 22. Nxf5 Rxf5 23. Qxg4 Rxf1+ 24. Bxf1 e5 25. Qxg7+ Qxg7 26. Bxg7 Kxg7 27. Rxe5 Kf6 28. Rxd5 Be6 29. Rd4 Bxa2 30. Kf2 Ke5 31. Be2 Be6 32. g4 Rf8+ 33. Kg3 Bd5 34. h4 a5 35. h5 b5 36. Bxb5 Rf3+ 37. Kh4 Rf2 38. Bc4 Be4 39. Kg5 Rxb2 40. Rd7 Bf3 41. Rf7 Bd1 42. Rf5+ Ke4 43. Rxa5 1-0

[Event "Fagernes Chess GM-Swiss 2024"]
[Site "Fagernes"]
[Date "2024.03.29"]
[Round "7.37"]
[White "Myagmarsuren, Evsuld"]
[Black "Joel Paul Ganta"]
[Result "1-0"]
[ECO "B81"]
[WhiteElo "2138"]
[BlackElo "1993"]
[Annotator "RC"]
[PlyCount "57"]
[EventDate "2024.03.25"]
[EventType "swiss"]
[EventCountry "NOR"]
[SourceTitle "playchess.com"]
[Source "ChessBase"]
[SourceQuality "1"]
[TimeControl "40/6000+30:2400+30"]

1. e4 c5 2. Nf3 d6 3. d4 cxd4 4. Nxd4 Nf6 5. Nc3 a6 6. Be3 e6 7. g4 b5 8. Bg2 Bb7 9. g5 Nfd7 10. h4 Nc6 11. f4 Rc8 12. O-O Nxd4 13. Bxd4 e5 14. Be3 exf4 15. Bxf4 Ne5 16. Bh3 Qb6+ 17. Kh1 Rc7 18. Nd5 Bxd5 19. Qxd5 Qc6 20. c3 Qxd5 21. exd5 Nc4 22. a4 bxa4 23. Rxa4 a5 24. Re1+ Kd8 25. Re4 Nb6 26. Rxa5 Rc5 27. Ra7 Nxd5 28. Rd7+ Kc8 29. Re8# 1-0

[Event "Fagernes Chess GM-Swiss 2024"]
[Site "Fagernes"]
[Date "2024.03.29"]
[Round "7.38"]
[White "Eliseev, Sergey"]
[Black "Skramstad, Oda Kofoed"]
[Result "1-0"]
[ECO "C74"]
[WhiteElo "2131"]
[BlackElo "1945"]
[Annotator "RC"]
[PlyCount "51"]
[EventDate "2024.03.25"]
[EventType "swiss"]
[EventCountry "NOR"]
[SourceTitle "playchess.com"]
[Source "ChessBase"]
[SourceQuality "1"]
[TimeControl "40/6000+30:2400+30"]

1. e4 e5 2. Nf3 Nc6 3. Bb5 a6 4. Ba4 d6 5. c3 f5 6. d3 Nf6 7. O-O Be7 8. Nbd2 f4 9. d4 Nd7 10. dxe5 Ndxe5 11. Nxe5 dxe5 12. Qh5+ Kf8 13. Bxc6 bxc6 14. Qxe5 Bd6 15. Qh5 Be6 16. Nf3 Bf7 17. Qf5 g6 18. Qh3 h6 19. e5 Be7 20. e6 Be8 21. Bxf4 h5 22. Rad1 Qc8 23. Bg5 Rh7 24. Bxe7+ Rxe7 25. Ng5 Rb8 26. f4 1-0

[Event "Fagernes Chess GM-Swiss 2024"]
[Site "Fagernes"]
[Date "2024.03.29"]
[Round "7.39"]
[White "Holand, Per Fredrik"]
[Black "Vijayakumar, Rishi"]
[Result "0-1"]
[ECO "D05"]
[WhiteElo "2068"]
[BlackElo "2156"]
[Annotator "RC"]
[PlyCount "58"]
[EventDate "2024.03.25"]
[EventType "swiss"]
[EventCountry "NOR"]
[SourceTitle "playchess.com"]
[Source "ChessBase"]
[SourceQuality "1"]
[TimeControl "40/6000+30:2400+30"]

1. d4 Nf6 2. Nf3 d5 3. e3 c5 4. Bd3 Nc6 5. c3 Bg4 6. Nbd2 e6 7. Qa4 Bxf3 8. Nxf3 Qc7 9. O-O Bd6 10. dxc5 Bxc5 11. b4 Bd6 12. b5 Qa5 13. Qb3 Ne5 14. Nxe5 Bxe5 15. Ba3 Qxc3 16. Qxc3 Bxc3 17. Rac1 Ba5 18. b6 Bxb6 19. Bb5+ Kd8 20. Rc2 Rc8 21. Rfc1 Rxc2 22. Rxc2 a6 23. Bd3 Bc7 24. Be7+ Kd7 25. a4 Ng4 26. Bh4 Bxh2+ 27. Kf1 Bd6 28. Rb2 Rb8 29. Ke2 Ne5 0-1